 Dungeon Crawl Stone Soup version 0.28-a0-1233-g92def6ad0a (webtiles) character file.

Game seed: 4213866808335255661

246 Lekart the Chopper (level 5, 0/47 HPs)
             Began as a Draconian Chaos Knight on Dec 23, 2021.
             Was a Plaything of Xom.
             Slain by a two-headed ogre (22 damage)
             ... on level 4 of the Dungeon.
             The game lasted 00:02:57 (2606 turns).

Lekart the Chopper (Draconian Chaos Knight)         Turns: 2606, Time: 00:02:57

Health: 0/47       AC:  5    Str: 14    XL:     5   Next: 84%
Magic:  5/5        EV: 13    Int: 13    God:    Xom [....*.]
Gold:   110        SH:  0    Dex: 14    Spells: 4/4 levels left

rFire   . . .      SeeInvis .   a - +0 hand axe (chaos)
rCold   . . .      Faith    .   (no shield)
rNeg    . . .      Spirit   .   (armour unavailable)
rPois   .          Reflect  .   (helmet restricted)
rElec   .          Harm     .   (no cloak)
rCorr   .          Rampage  .   (no gloves)
Will    .....      Clarity  +   (no boots)
Stlth   +.........              e - amulet of regeneration
HPRegen 0.95/turn               (no ring)
MPRegen 0.09/turn               (no ring)

@: invisible
A: AC +5, unfitting armour, cold-blooded, agile 1, clarity, evolution 1
a: Renounce Religion


You were on level 4 of the Dungeon.
You worshipped Xom.
You were a beloved toy of Xom.
You visited 1 branch of the dungeon, and saw 4 of its levels.

You collected 110 gold pieces.

Inventory:

Hand Weapons
 a - a +0 hand axe of chaos (weapon)
Missiles
 j - 3 javelins (quivered)
Jewellery
 e - an amulet of regeneration (around neck)
Wands
 h - a wand of paralysis (9)
Scrolls
 b - a scroll of teleportation {unknown}
 f - a scroll of magic mapping
 i - 2 scrolls of fog {unknown}
Potions
 d - a potion of heal wounds {unknown}
 g - 2 potions of flight {unknown}


   Skills:
 + Level 4.6 Fighting
 + Level 5.2 Axes
 + Level 0.1 Throwing
 + Level 3.1 Dodging


You had 4 spell levels left.
You didn't know any spells.
Your spell library was empty.

Dungeon Overview and Level Annotations

Branches:
Dungeon (4/15)
 Temple: D:4-7

Altars:
Gozag
Xom


Innate Abilities, Weirdness & Mutations

Your plain brown scales are hard. (AC +5)
You cannot fit into any form of body armour.
You are cold-blooded and may be slowed by cold attacks.
You are agile. (Dex +2)
You possess an exceptional clarity of mind.
You have hidden genetic potential.


Message History

You kill the adder!
You hear a shout!
You hear two shouts!
You hear an angry hiss.
An orc comes into view. It is wielding a +0 falchion.
The hound barely misses you.
You see here an adder corpse.
Throw: 4 javelins
Press: ? - help, Q - select action, (/) - cycle Shift-Dir - straight line, f - hound
Aim: a hound (50% to hit)
You throw a javelin. The javelin pierces through the hound!
The hound is heavily wounded.
The javelin pierces through the orc.
The orc is heavily wounded.
The javelin pierces through the orc.
The orc is lightly wounded.
The hound barely misses you.
A two-headed ogre comes into view. It is wielding two +0 giant clubs.
The hound misses you.
You hit the hound.
The hound is poisoned.
The hound is heavily wounded.
The hound barely misses you.
You hit the two-headed ogre.
The two-headed ogre is poisoned.
The two-headed ogre is lightly wounded.
You see here a scroll labelled UXOASU WODE.
You fade into invisibility!
The two-headed ogre hits you with a +0 giant club!!
Ouch! That really hurt!
The two-headed ogre misses you.
You strike the helpless two-headed ogre from behind!
You hit the two-headed ogre. You burn the two-headed ogre.
The two-headed ogre is lightly wounded.
You hit the hound. You freeze the hound. The hound closely misses you.
The hound bites you but does no damage.
You hit the two-headed ogre. You burn the two-headed ogre.
The two-headed ogre is lightly wounded.
You miss the hound.
The hound looks more healthy.
The two-headed ogre looks more healthy.
The hound bites you but does no damage. The two-headed ogre barely misses you.
The two-headed ogre hits you with a +0 giant club!!
You die...
Xom chortles!

#....##.# #.#
####....##.####.########
...'....'.....(.........
####....################
#..'....'...#####
#.##....###.....#
#....###)###.#
#####......#
#.oo@....#....#
#?#hO..#.#.#..#
#†##....###. .#
#h####### #. .# #o. ## #
#.## #o# ..# ...


You could see a two-headed ogre, a hound and 2 orcs.

Vanquished Creatures
  An ogre (D:4)
  A scorpion (D:4)
  5 adders
  A worm (D:2)
  2 dart slugs (D:1)
  2 orcs (D:4)
  4 bats
  3 endoplasms (D:1)
  2 giant cockroaches
  8 goblins
  5 hobgoblins
  3 jackals (D:1)
  4 quokkas
  2 ball pythons
  3 frilled lizards
  7 kobolds
  2 rats
55 creatures vanquished.

Notes
Turn   | Place    | Note
-------+----------+-------------------------------------------
     0 | D:1      | Lekart the Draconian Chaos Knight began the quest for the
                  | Orb.
     0 | D:1      | Reached XP level 1. HP: 19/19 MP: 1/1
    31 | D:1      | XOM: silly message
    42 | D:1      | Found a faded altar of an unknown god.
    52 | D:1      | Reached XP level 2. HP: 23/26 MP: 2/2
   150 | D:1      | XOM: divination: magic mapping
   422 | D:1      | XOM: silly message
   645 | D:1      | Reached XP level 3. HP: 32/33 MP: 3/3
   736 | D:1      | XOM: silly message
   840 | D:1      | XOM: silly message
   968 | D:1      | XOM: divination: magic mapping
   999 | D:2      | Found an opulent altar of Gozag.
  1036 | D:2      | XOM: scenery: create altars
  1350 | D:2      | You fall into a shaft and drop 1 floor!
  1622 | D:3      | Reached XP level 4. HP: 40/40 MP: 4/4
  1622 | D:3      | XOM: 3-stop teleportation journey
  1631 | D:3      | Reached skill level 4 in Axes
  2091 | D:2      | XOM: cloud trail
  2193 | D:2      | XOM: silly message
  2271 | D:2      | XOM: give mutations
  2271 | D:2      | Gained mutation: You possess an exceptional clarity of
                  | mind. [Xom's grace]
  2271 | D:2      | Gained mutation: You have hidden genetic potential. [Xom's
                  | grace]
  2406 | D:4      | Noticed a scorpion
  2413 | D:4      | Killed a scorpion
  2414 | D:4      | Reached XP level 5. HP: 16/47 MP: 5/5
  2542 | D:4      | Noticed an ogre
  2548 | D:4      | Killed an ogre
  2549 | D:4      | Reached skill level 5 in Axes
  2557 | D:4      | Gained mutation: You are agile. (Dex +2) [hidden potential]
  2597 | D:4      | Noticed a two-headed ogre
  2606 | D:4      | Slain by a two-headed ogre

Illustrated notes

Levels and vault maps discovered:
D:1:      nicolae_arrival_somewhat_less_tricky_arrival, layout_basic,
          hellmonk_ecumenical_altar_crossroads
D:2:      layout_rooms, basic_altar, chequers_avenue
D:3:      layout_basic
D:4:      layout_basic, minmay_manual_monstrance, uniq_crazy_yiuf_cottage

Skill      XL: |  1  2  3  4  5 |
---------------+----------------+-----
Fighting       | 4 |  4.6
Axes           | 4 5 |  5.2
Dodging        | 3 |  3.1
Throwing       | |  0.1

Action                   |  1- 3 |  4- 6 || total
-------------------------+-------+-------++-------
Melee: Hand axe          |   101 |    45 ||   146
       Tailslap          |     7 |     4 ||    11
Throw: Javelin           |       |     8 ||     8
  Use: Scroll            |     2 |     2 ||     4
       Potion            |     1 |     2 ||     3
 Stab: Sleeping          |     2 |     1 ||     3
       Invisible         |       |     1 ||     1
Armor: Skin              |    36 |    16 ||    52
Dodge: Dodged            |    81 |    29 ||   110

Table legend: (Time is in decaauts)
 A = Elapsed time spent in this place.
 B = Non-inter-level travel time spent in this place.
 C = Inter-level travel time spent in this place.
 D = Time resting spent in this place.
 E = Time spent auto-exploring this place.
 F = Levels seen in this place.
 G = Mean time per level.
                   A        B        C        D        E       F      G
               +--------+--------+--------+--------+--------+-----+--------+
         Total |   2627 |   2516 |    111 |     41 |   2034 |   4 |  656.8 |
       Dungeon |   2627 |   2516 |    111 |     41 |   2034 |   4 |  656.8 |
               +--------+--------+--------+--------+--------+-----+--------+

Top non-repeatable levels by time:
     D:1: 1007 daAuts
     D:3: 750 daAuts
     D:2: 626 daAuts
     D:4: 241 daAuts
